 Dungeon Crawl Stone Soup version 0.30.0-10-gfe55d96785 (webtiles) character file.

Game seed: 7970825862262766016

105 qw the Chopper (level 4, -2/28 HPs)
             Began as a Gargoyle Fighter on May 13, 2023.
             Killed from afar by Natasha (8 damage)
             ... with a puff of flame
             ... on level 3 of the Dungeon.
             The game lasted 00:00:53 (2216 turns).

qw the Chopper (Gargoyle Fighter)                   Turns: 2216, Time: 00:00:54

Health: -2/28      AC: 11    Str: 21    XL:     4   Next: 83%
Magic:  4/4        EV:  9    Int:  9    God:
Gold:   110        SH:  4    Dex:  9    Spells: 3/3 levels left

rFire   . . .        Y - +2 war axe
rCold   . . .        c - +0 buckler
rNeg    + . .        b - +0 scale mail
rPois   inf          (no helmet)
rElec   +            (no cloak)
rCorr   .            (no gloves)
SInv    .            i - +0 pair of boots
Will    .....        l - amulet of the acrobat Stlth
                     (no ring)
HPRegen 0.24/turn    (no ring)
MPRegen 0.09/turn

%: acrobat
@: about to teleport
A: sickness immunity, AC +3, negative energy resistance 1, electricity
resistance, torment resistance 1, petrification resistance
a: no special abilities


You were on level 3 of the Dungeon.
You visited 1 branch of the dungeon, and saw 3 of its levels.

You collected 110 gold pieces.


Innate Abilities, Weirdness & Mutations

You are immune to sickness and miasma.
Your stone body is resilient. (AC +3)
You are immune to poison.
You resist negative energy. (rN+)
You are resistant to electric shocks. (rElec)
You are resistant to unholy torment.
You are immune to petrification.


   Skills:
 - Level 3.2 Fighting
 + Level 4.4 Axes
 - Level 3.2 Armour
 - Level 3.2 Shields


You had 3 spell levels left.
You didn't know any spells.
Your spell library was empty.

Inventory:

Hand Weapons
 h - a +0 club
 Y - a +2 war axe (weapon)
Armour
 b - a +0 scale mail (worn)
 c - a +0 buckler (worn)
 i - a +0 pair of boots (worn)
Jewellery
 l - an amulet of the acrobat (around neck)
Scrolls
 a - a scroll of identify
 f - a scroll of teleportation
Potions
 d - a potion of might
 e - a potion of lignification {unknown}
 g - a potion of cancellation
 j - 2 potions of heal wounds
 k - a potion of invisibility {unknown}
 o - 2 potions of curing

Dungeon Overview and Level Annotations

Branches:
Dungeon (3/15)

Altars:

Shops:
D:1 =

Annotations:
D:3 exclusion: 2 goblins, Natasha


Message History

You barely miss Natasha. Natasha claws you but does no damage.
You hit Natasha but do no damage. Natasha barely misses you. x2
You barely miss Natasha. Natasha claws you.
You slash Natasha!
Natasha is almost dead.
Natasha drinks a potion.
Natasha suddenly seems more resistant.
You barely miss Natasha.
Natasha is almost dead.
Natasha barely misses you. Natasha claws you but does no damage.
You hit Natasha.
You kill Natasha!
Natasha yowls pathetically as she dies!
You start resting.
HP restored.
You see here the felid corpse of Natasha.
Natasha, Servant of Life and Death comes into view.
She is carrying a wand of flame (20).
Natasha hisses angrily.
Natasha moves out of view.
Natasha zaps a wand.
The puff of flame hits you!
2209 ||| Stepping ~*~*~tactically~*~*~ (hiding).
2210 ||| Stepping ~*~*~tactically~*~*~ (hiding).
You start resting.
Natasha is nearby!
Natasha zaps a wand.
The puff of flame hits you but does no damage.
Natasha completely misses you.
You hit Natasha.
Natasha is lightly wounded.
Natasha claws you but does no damage.
You closely miss Natasha.
Natasha is lightly wounded.
Natasha zaps a wand.
The puff of flame hits you! Natasha claws you.
2216 ||| READING 2 scrolls of teleportation.
As you read the scroll of teleportation, it crumbles to dust.
You feel strangely unstable.
Natasha zaps a wand.
The puff of flame hits you!
You die...

..........##....
##............ #. .#
#...>......... #.#.#
#......>...... #.#.#
#............. #.#.#
#..........(.. #.#.#
#............. #...
#..h..........
...####..######@...........
#..............!....##$...
.#####..######...#.## ####
#. #..## ###.#.###### #.
#..# #.<....>..# #.# #..#
###.###...# ##.####%.# ..#
## .........# ...
.........# ..###


You could see Natasha.

Vanquished Creatures
  Natasha (twice) (D:3)
  2 adders
  A worm (D:2)
  An endoplasm (D:2)
  2 giant cockroaches
  3 goblins
  5 hobgoblins
  A quokka (D:2)
  A ball python (D:1)
  9 bats
  4 frilled lizards
  3 kobolds
  3 rats
37 creatures vanquished.

Notes
Turn   | Place    | Note
-------+----------+-------------------------------------------
     0 | D:1      | qw the Gargoyle Fighter began the quest for the Orb.
     0 | D:1      | Reached XP level 1. HP: 14/14 MP: 1/1
     0 | D:1      | 0 ||| qw: Version: 0.2-a-92-gf946c9c
     0 | D:1      | 0 ||| qw: Game counter: 13
     0 | D:1      | 0 ||| qw: Always use a shield: true
     0 | D:1      | 0 ||| qw: God list: Okawaru
     0 | D:1      | 0 ||| qw: Allow faded altars: false
     0 | D:1      | 0 ||| qw: Do Orc after D:15 true
     0 | D:1      | 0 ||| qw: Do second Lair branch before Depths: true
     0 | D:1      | 0 ||| qw: Lair rune preference: random
     0 | D:1      | 0 ||| qw: Plans: Normal, Zot:1-4, God:TSO, Crypt, Tomb,
                  | Pan, Slime:5, Hells, Abyss, Win
     0 | D:1      | 0 ||| PLANNING D:1-11
    98 | D:1      | Reached skill level 2 in Axes
   256 | D:1      | Reached XP level 2. HP: 19/19 MP: 2/2
   746 | D:1      | Found Uthrod's One-of-a-Kind Rings.
   756 | D:1      | 756 ||| SHOPLISTING +2 ring of protection (120 gold, have
                  | 38).
   756 | D:1      | 756 ||| SHOPLISTING +5 ring of protection (660 gold, have
                  | 38).
   756 | D:1      | 756 ||| SHOPLISTING ring "Aluv" {rElec rPois rC+ Stlth-}
                  | (475 gold, have 38).
   756 | D:1      | 756 ||| SHOPLISTING ring "Duhyem" {rElec SInv Stlth+} (381
                  | gold, have 38).
   917 | D:1      | Found a faded altar of an unknown god.
   937 | D:1      | 937 ||| UPGRADING to +0 pair of boots.
   942 | D:1      | 942 ||| READING 2 scrolls labelled HUS CIBRIUST.
   943 | D:1      | 943 ||| READING scroll labelled NEFUM XYSAR.
   944 | D:1      | 944 ||| READING scroll labelled SOXTAI GIJUUTOEH.
   945 | D:1      | 945 ||| READING scroll labelled LIGELO PIFAA.
   950 | D:1      | 950 ||| READING scroll labelled ZATIFIULEP.
   951 | D:1      | 951 ||| DRINKING 3 fuming emerald potions.
  1025 | D:2      | 1025 ||| Stepping ~*~*~tactically~*~*~ (hiding).
  1036 | D:2      | Reached skill level 3 in Axes
  1135 | D:2      | Reached XP level 3. HP: 7/23 MP: 3/3
  1502 | D:2      | You fall into a shaft and drop 1 floor!
  1511 | D:3      | 1511 ||| READING scroll labelled MEANALUNO.
  1512 | D:3      | 1512 ||| DRINKING 3 sedimented purple potions.
  1513 | D:3      | 1513 ||| READING 2 scrolls of identify.
  1513 | D:3      | 1513 ||| IDENTIFYING purple potion
  2061 | D:3      | 2061 ||| READING scroll of enchant weapon.
  2061 | D:3      | 2061 ||| ENCHANTING +1 war axe.
  2088 | D:3      | 2088 ||| UPGRADING to amulet of the acrobat.
  2093 | D:3      | 2093 ||| DROPPING ring of flight.
  2094 | D:3      | 2094 ||| DROPPING ring of magical power.
  2099 | D:3      | Noticed Natasha
  2106 | D:3      | Killed Natasha
  2107 | D:3      | Reached skill level 4 in Axes
  2107 | D:3      | Reached XP level 4. HP: 16/28 MP: 4/4
  2175 | D:3      | Noticed Natasha
  2176 | D:3      | 2176 ||| Stepping ~*~*~tactically~*~*~ (stealth).
  2178 | D:3      | 2178 ||| Stepping ~*~*~tactically~*~*~ (hiding).
  2187 | D:3      | Killed Natasha
  2207 | D:3      | Noticed Natasha
  2209 | D:3      | 2209 ||| Stepping ~*~*~tactically~*~*~ (hiding).
  2210 | D:3      | 2210 ||| Stepping ~*~*~tactically~*~*~ (hiding).
  2215 | D:3      | HP: 6/28 [Natasha (6)]
  2216 | D:3      | 2216 ||| READING 2 scrolls of teleportation.
  2216 | D:3      | Killed from afar by Natasha

Levels and vault maps discovered:
D:1:      minmay_arrival_split_and_join, layout_basic,
          hellmonk_ecumenical_altar_run_dry, minmay_misc_feat_four_crosses,
          minmay_misc_feat_tower, kennysheep_pointless_box,
          nicolae_shop_unique_rings
D:2:      layout_basic, dreamdust_wishing_well
D:3:      layout_rooms, kennysheep_okawaru_gauntlet, st_stairs_12, uniq_natasha,
          uniq_terence

Skill      XL: |  1  2  3 |
---------------+----------+-----
Axes           | 2 3 4 |  4.4
Fighting       | |  3.2
Armour         | |  3.2
Shields        | |  3.2

Action                     |  1- 3 |  4- 6 || total
---------------------------+-------+-------++-------
  Melee: War axe           |   104 |    18 ||   122
    Use: Scroll            |     8 |     1 ||     9
         Potion            |     2 |       ||     2
 Armour: Scale mail        |    48 |     9 ||    57
  Dodge: Dodged            |    43 |     8 ||    51
  Block: Buckler           |    16 |     2 ||    18

Table legend:
 A = Non-vault XP
 B = Vault XP
 C = Vault XP percentage of total XP
 D = Non-vault monster count
 E = Vault monster count
 F = Vault count percentage of total count
                 A         B        C        D         E       F
            +---------+---------+-------+---------+---------+-------
      Total |     116 |      35 |  23.2 |      36 |       1 |   2.7
            +---------+---------+-------+---------+---------+-------
        D:1 |      22 |       0 |   0.0 |      16 |       0 |   0.0
        D:2 |      42 |       0 |   0.0 |      15 |       0 |   0.0
        D:3 |      52 |      35 |  40.2 |       5 |       1 |  16.7
            +---------+---------+-------+---------+---------+-------
